 Dungeon Crawl Stone Soup version 0.17-a0-1900-g45e8110 (webtiles) character file.

1607 derrpe the Cruncher (level 8, -5/52 HPs)
             Began as a Gargoyle Gladiator on Sept 24, 2015.
             Killed by divine providence
             ... invoked by an orc priest
              (10 damage)
             ... on level 6 of the Dungeon.
             The game lasted 00:12:57 (6923 turns).

derrpe the Cruncher (Gargoyle Gladiator)            Turns: 6923, Time: 00:12:57

Health: -5/52      AC: 26    Str: 20    XL:     8   Next: 95%
Magic:  8/8        EV:  6    Int: 12    God:
Gold:   221        SH:  0    Dex: 10    Spells: 0 memorised, 7 levels left

rFire  . . .     SeeInvis .     a - +0 quarterstaff
rCold  . . .     Clarity  .     A - +10 plate armour of Good Intentions {Int+2}
rNeg   + . .     SustAt   .     (no shield)
rPois  ∞         Gourm    .     c - +0 helmet
rElec  +         Spirit   .     (no cloak)
rCorr  .         Warding  .     (no gloves)
rMut   .         Stasis   .     (no boots)
MR     .....                    (no amulet)
Stlth  ..........               (no ring)
                                (no ring)

@: not resistant to hostile enchantments, extremely unstealthy
A: negative energy resistance 1, electricity resistance, unbreathing,
petrification resistance, rot immunity, AC +5
a: no special abilities


You were on level 6 of the Dungeon.
You were very hungry.

You visited 1 branch of the dungeon, and saw 6 of its levels.
You also visited: Ossuary.

You collected 221 gold pieces.

Inventory:

Hand weapons
 a - a +0 quarterstaff (weapon)
 i - a +1 dagger of electrocution
 m - a +0 whip of draining
Missiles
 h - 166 stones (quivered)
 v - 2 needles of paralysis
Armour
 c - a +0 helmet (worn)
 A - the +10 plate armour of Good Intentions (worn) {Int+2}
   (You found it on level 5 of the Dungeon)

   It affects your intelligence (+2).
Scrolls
 f - 5 scrolls of teleportation
 j - 2 scrolls of immolation {unknown}
 k - 4 scrolls of remove curse {unknown}
 n - a scroll of magic mapping
 p - a scroll of blinking {unknown}
 u - 2 scrolls of fog {unknown}
 y - 4 scrolls of amnesia {unknown}
 C - 2 scrolls of noise {unknown}
Potions
 b - a potion of mutation
 d - a potion of brilliance
 g - 3 potions of agility {unknown}
 s - a potion of ambrosia
 t - 3 potions of might {unknown}
 x - 4 potions of heal wounds {unknown}
 z - a potion of cancellation
 B - a potion of curing
 E - 2 potions of berserk rage {unknown}
 F - 3 potions of flight {unknown}
Comestibles
 e - 3 bread rations {@e1}
 l - 4 meat rations {@e2}
 q - 3 fruits


   Skills:
 + Level 6.5 Fighting
 * Level 9.9 Staves
 - Level 2.0 Throwing
 - Level 2.4 Dodging


You had 7 spell levels left.
You didn't know any spells.

Dungeon Overview and Level Annotations

Branches:
Dungeon (6/15)
 Temple: D:4-7

Altars:
Ashenzari
Cheibriados
Dithmenos
Elyvilon
Gozag
Kikubaaqudgha
Nemelex Xobeh
Trog

Shops:
D:5 *

Annotations:
D:6 Dowan, Duvessa


Innate Abilities, Weirdness & Mutations

You are resistant to torment.
Your stone body is resilient (AC +5).
You are immune to poison.
You resist negative energy.
You are resistant to electric shocks.
You can survive without breathing.
You are immune to petrification.
You are immune to rotting.


Message History

You kill the giant frog!
The orc priest mumbles some strange prayers to Beogh against you.
Pain shoots through your body!
* * * LOW HITPOINT WARNING * * *
The orc priest hits you but does no damage.
Items here: )) [[ a short sword; a ring mail; an enchanted dagger; a robe You closely miss the orc priest.
The orc priest barely misses you.
You closely miss the orc priest.
The orc priest casts a cantrip, but nothing happens.
You hit the orc priest but do no damage.
The orc priest hits you but does no damage.
You hit the orc priest.
The orc priest is lightly wounded.
You are feeling very hungry.
You sock the orc priest!
The orc priest is severely wounded.
The orc priest calls down the wrath of Beogh upon you.
Something smites you!
You die...

#.# #.#.## .## #.#
#.#... ..# #.# #.####
..# #.# #..... #.#
#.######## ...
#........# #.#
########.# #o# #.# #@#
#.# #.# #.# ###+##'#####
#.#
#...........##########.#
#...........'..........#
#...........##..........
#...........##.#########
#...........##.#
#...........##.#


You could see an orc priest.

Vanquished Creatures
  3 ogres (D:4)
  A centaur (D:5)
  2 giant frogs
  A scorpion (D:5)
  2 water moccasin zombies (Ossuary)
  A giant frog zombie (D:5)
  2 hounds
  An orc priest (D:6)
  A centaur skeleton (D:4)
  Ijyb (D:2)
  2 jellies (D:5)
  Jessica (D:2)
  Natasha (thrice) (D:2)
  An iguana (D:4)
  4 orc wizards
  2 worker ants
  7 big kobold zombies (Ossuary)
  3 mummies
  15 gnolls
  10 adders
  An ooze (D:1)
  3 adder zombies (Ossuary)
  2 adder skeletons (D:4)
  5 worms
  4 giant geckos
  12 orcs
  7 bats
  A gnoll zombie (Ossuary)
  6 hobgoblins
  2 jackals (D:5)
  3 quokkas
  A ball python (D:4)
  2 giant cockroaches
  A giant gecko skeleton (D:4)
  8 giant newts
  9 goblins
  4 hobgoblin zombies (Ossuary)
  10 kobolds
  5 kobold zombies (Ossuary)
  9 orc zombies
  9 rats
167 creatures vanquished.

Notes
Turn   | Place    | Note
--------------------------------------------------------------
     0 | D:1      | derrpe the Gargoyle Gladiator began the quest for the Orb.
     0 | D:1      | Reached XP level 1. HP: 12/12 MP: 1/1
   111 | D:1      | Reached XP level 2. HP: 11/17 MP: 2/2
   722 | D:1      | Reached skill level 4 in Staves
   787 | D:1      | Reached XP level 3. HP: 21/21 MP: 3/3
  1208 | D:2      | Noticed Natasha
  1212 | D:2      | Noticed Jessica
  1218 | D:2      | Killed Natasha
  1218 | D:2      | Reached XP level 4. HP: 8/26 MP: 4/4
  1230 | D:2      | Killed Jessica
  1230 | D:2      | Reached skill level 5 in Staves
  1520 | D:2      | Noticed Ijyb
  1530 | D:2      | Killed Ijyb
  1530 | D:2      | Reached XP level 5. HP: 26/31 MP: 5/5
  1617 | D:2      | Noticed Natasha
  1628 | D:2      | Killed Natasha
  1770 | D:2      | Found a bloodstained altar of Trog.
  1850 | D:2      | Noticed Natasha
  1855 | D:2      | Killed Natasha
  2330 | D:2      | Reached skill level 6 in Staves
  2344 | D:2      | Reached XP level 6. HP: 31/37 MP: 6/6
  3526 | D:4      | Found an ancient bone altar of Kikubaaqudgha.
  3539 | D:4      | Reached skill level 7 in Staves
  3539 | D:4      | Reached XP level 7. HP: 5/44 MP: 7/7
  3771 | D:4      | Found a shattered altar of Ashenzari.
  3771 | D:4      | Found a snail-covered altar of Cheibriados.
  3772 | D:4      | Found a shadowy altar of Dithmenos.
  3773 | D:4      | Found a white marble altar of Elyvilon.
  4429 | D:4      | Reached skill level 5 in Fighting
  4656 | D:4      | Reached skill level 8 in Staves
  4720 | D:5      | Entered Level 5 of the Dungeon
  4780 | D:5      | Found Saifoa's General Store.
  4797 | D:5      | Found a sand-covered staircase.
  4800 | D:5      | Reached XP level 8. HP: 49/49 MP: 8/8
  4804 | Ossuary  | Entered an ossuary
  5407 | D:5      | Reached skill level 9 in Staves
  5549 | D:5      | Found a sparkling altar of Nemelex Xobeh.
  5549 | D:5      | Found an opulent altar of Gozag.
  6108 | D:5      | Got a warped plate armour
  6119 | D:5      | Identified the +10 plate armour of Good Intentions {Int+2} (You found it on level 5 of the Dungeon)
  6665 | D:6      | Noticed Duvessa
  6665 | D:6      | Noticed Dowan
  6923 | D:6      | Killed from afar by an orc priest

Vault maps used:
D:1:      lightli_arrival_lavapool, minmay_ruptured
D:2:      trog_butcher_becter, uniq_iyjb, uniq_jessica, uniq_natasha
D:3:      kennysheep_potato
D:4:      grunt_temple_overflow_open, hangedman_feature_mirror, st_stairs_14
D:5:      grunt_temple_overflow_opulence, serial_shops, shop_fountains,
          nicolae_ossuary_entry_giza, first_bread
D:6:      basic_altar, serial_shops, shop, uniq_duvessa
Ossuary:  ossuary_tomb_2

Action                   |  1- 3 |  4- 6 |  7- 9 || total
-------------------------+-------+-------+-------++-------
Melee: Quarterstaff      |    58 |       |   252 ||   310
       Dagger            |    40 |   213 |    51 ||   304
       Whip              |       |       |   144 ||   144
Throw: Throwing net      |       |     6 |       ||     6
  Use: Scroll            |       |       |    10 ||    10
 Stab: Sleeping          |     2 |     2 |       ||     4
       Held in net/web   |       |     2 |       ||     2
  Eat: Chunk             |     1 |     8 |     7 ||    16
       Pizza             |       |       |     1 ||     1
       Beef jerky        |       |       |     1 ||     1
